 Dungeon Crawl Stone Soup version 0.27-a0-1278-g6cbc8dfb29 (webtiles) character file.

Game seed: 4082987914295913132

100 deletemesenpai the Chopper (level 4, -1/40 HPs)
             Began as a Hill Orc Fighter on June 12, 2021.
             Slain by an orc (4 damage)
             ... on level 2 of the Dungeon.
             The game lasted 00:04:16 (2285 turns).

deletemesenpai the Chopper (Hill Orc Fighter)       Turns: 2285, Time: 00:04:17

Health: -1/40      AC:  7    Str: 18    XL:     4   Next: 73%
Magic:  4/4        EV:  7    Int:  8    God:
Gold:   36         SH:  9    Dex: 11    Spells: 3/3 levels left

rFire    . . .     SeeInvis .   k - +3 mace
rCold    + . .     Faith    .   c - +0 kite shield
rNeg     . . .     Spirit   .   b - +0 scale mail
rPois    .         Reflect  .   (no helmet)
rElec    .         Harm     .   (no cloak)
rCorr    .         Rampage  .   (no gloves)
Will     .....                  (no boots)
Stlth    ..........             (no amulet)
HPRegen  0.13/turn              j - ring of protection from cold
MPRegen  0.09/turn              (no ring)

@: no status effects
A: no striking features
a: no special abilities


You were on level 2 of the Dungeon.
You visited 1 branch of the dungeon, and saw 3 of its levels.

You collected 36 gold pieces.

Inventory:

Hand Weapons
 a - a +0 war axe
 k - a +3 mace (weapon)
Armour
 b - a +0 scale mail (worn)
 c - a +0 kite shield (worn)
Jewellery
 j - a ring of protection from cold (left hand)
Scrolls
 e - a scroll of identify {unknown}
 f - 2 scrolls of noise
 i - a scroll of teleportation {unknown}
Potions
 d - a potion of might
 g - 2 potions of curing {unknown}
 h - a potion of attraction {unknown}


   Skills:
 + Level 3.8 Fighting
 * Level 4.9 Axes
 + Level 3.7 Armour
 * Level 4.1 Shields


You had 3 spell levels left.
You didn't know any spells.
Your spell library contained the following spells:

 Spells                   Type           Power      Damage    Failure   Level
 Corona                   Hex            0%         N/A       99%         1
 Summon Small Mammal      Summ           0%         N/A       99%         1
 Call Imp                 Summ           0%         N/A       100%        2
 Ensorcelled Hibernation  Hex/Ice        0%         N/A       100%        2
 Call Canine Familiar     Summ           0%         N/A       100%        3
 Confusing Touch          Hex            0%         N/A       100%        3
 Dazzling Flash           Conj/Hex       0%         N/A       100%        3
 Summon Guardian Golem    Hex/Summ       0%         N/A       100%        3
 Tukima's Dance           Hex            0%         N/A       100%        3
 Summon Ice Beast         Ice/Summ       0%         N/A       100%        4
 Summon Lightning Spire   Summ/Air       0%         N/A       100%        4


Dungeon Overview and Level Annotations

Branches:
Dungeon (3/15)

Altars:


Message History

The magic dart hits you. You block the orc's attack.
You sock the orc!
You kill the orc!
You block something's attack. The orc hits you but does no damage.
You see here a jackal skeleton.
You miss something. Something hits you but does no damage. Something hits you.
You closely miss something.
An orc wizard appears from thin air!
Reactivating autopickup.
The orc wizard gestures at you while chanting.
You resist with some effort.
You closely miss the orc wizard. The orc wizard casts a spell at you.
You are confused.
The orc wizard hits you but does no damage.
You barely miss the orc wizard.
The orc wizard hits you with a +0 dagger.
* * * LOW HITPOINT WARNING * * *
You closely miss the orc wizard.
The orc wizard hits you with a +0 dagger.
* * * LOW HITPOINT WARNING * * *
You bump into the rock wall.
The orc wizard hits you but does no damage.
You miss the orc. The orc hits you with a +0 mace.
* * * LOW HITPOINT WARNING * * *
The orc wizard hits you with a +0 dagger.
* * * LOW HITPOINT WARNING * * *
The orc hits you with a +0 mace.
* * * LOW HITPOINT WARNING * * *
An adder comes into view.
The adder hisses angrily.
The orc wizard barely misses you.
There is a stone staircase leading up here.
You feel less confused.
The orc wizard hits you but does no damage.
The orc hits you with a +0 mace.
* * * LOW HITPOINT WARNING * * *
You climb upwards.
There is a stone staircase leading down here.
The orc hits you with a +0 mace.
You die...

#....##.# #......##.##.#
#.##.##.##########.......#
###.............# ##...####
.......###......# #.###
.#####.# #......# #.# .#####.#
#......#####.# .##....#
#............# .##.##.#
#.......####.### .##.##.#
#......@####...#
.......###.##...oo....#.#
###.##........##.##...#.#
#.##.##..#.#.#.##...#.#
#......#..###.........#########
####.##..## ##.....##..........
#.##.## ##....##.###..##.. ####
#.....## ##.....##.###..##..
...#
######.###.#######.#........


You could see an orc wizard and an orc.

Vanquished Creatures
  Jessica (D:2)
  An adder (D:2)
  2 worms (D:3)
  A dart slug (D:1)
  9 orcs (D:3)
  An endoplasm (D:1)
  4 goblins
  A hobgoblin (D:3)
  8 jackals
  5 kobolds
  5 ball pythons
  3 bats (D:1)
  5 frilled lizards (D:1)
  4 rats
50 creatures vanquished.

Notes
Turn   | Place    | Note
-------+----------+-------------------------------------------
     0 | D:1      | deletemesenpai the Hill Orc Fighter began the quest for the
                  | Orb.
     0 | D:1      | Reached XP level 1. HP: 19/19 MP: 1/1
   107 | D:1      | Reached XP level 2. HP: 20/27 MP: 2/2
   648 | D:1      | Found a faded altar of an unknown god.
   729 | D:1      | Reached XP level 3. HP: 33/33 MP: 3/3
  1088 | D:1      | You fall into a shaft and drop 1 floor!
  1865 | D:2      | Noticed Jessica
  1870 | D:2      | Killed Jessica
  1871 | D:2      | Reached XP level 4. HP: 35/40 MP: 4/4
  2285 | D:2      | Slain by an orc

Illustrated notes

Levels and vault maps discovered:
D:1:      grunt_arrival_lava_bath, layout_loops_corners,
          ebering_ecumenical_altar_ruins
D:2:      layout_loops_cross, uniq_jessica
D:3:      minmay_chambers_of_threes, layout_basic, portal_sewer_entry_d,
          minmay_strange_pillars, minmay_misc_feat_roman, uniq_natasha

Skill      XL: |  1  2  3 |
---------------+----------+-----
Axes           | 3 4 |  4.9
Shields        | 4 |  4.1
Fighting       | |  3.8
Armour         | |  3.7

Action                   |  1- 3 |  4- 6 || total
-------------------------+-------+-------++-------
Melee: War axe           |    96 |    39 ||   135
       Mace              |       |    18 ||    18
  Use: Scroll            |       |     1 ||     1
Armor: Scale mail        |    58 |    29 ||    87
Dodge: Dodged            |    33 |    14 ||    47
Block: Kite shield       |    55 |    30 ||    85

Table legend: (Time is in decaauts)
 A = Elapsed time spent in this place.
 B = Non-inter-level travel time spent in this place.
 C = Inter-level travel time spent in this place.
 D = Time resting spent in this place.
 E = Time spent auto-exploring this place.
 F = Levels seen in this place.
 G = Mean time per level.
                   A        B        C        D        E       F      G
               +--------+--------+--------+--------+--------+-----+--------+
         Total |   2366 |   2352 |     14 |    360 |   1537 |   3 |  788.7 |
       Dungeon |   2366 |   2352 |     14 |    360 |   1537 |   3 |  788.7 |
               +--------+--------+--------+--------+--------+-----+--------+

Top non-repeatable levels by time:
     D:1: 1127 daAuts
     D:2: 851 daAuts
     D:3: 387 daAuts
